 Dungeon Crawl Stone Soup version 0.32-a0-411-g744942f433 (webtiles) character file.

Game seed: 12071183811397382426

112402 zeratav the Warrior (level 16, -1/152 HPs)
             Began as a Minotaur Fighter on Feb 20, 2024.
             Was the Champion of Beogh.
             Slain by a thrashing horror (2 damage)
             ... on level 3 of the Abyss.
             The game lasted 00:45:19 (22564 turns).

zeratav the Warrior (Minotaur Fighter)             Turns: 22564, Time: 00:45:19

Health: -1/152     AC: 21    Str: 27    XL:     16   Next: 11%
Magic:  22/22      EV: 12    Int:  9    God:    Beogh [******]
Gold:   1458       SH: 11    Dex: 12    Spells: 15/15 levels left

rFire   . . .        R - +4 war axe of Oboidwaefo {drain, rPois Str+2, axe}
rCold   . . .        c - +0 buckler
rNeg    . . .        q - +0 plate armour
rPois   +            (helmet unavailable)
rElec   .            y - +1 cloak
rCorr   .            v - +0 pair of gloves
SInv    .            h - +1 pair of boots {rampage}
Will    ++...        N - amulet of reflection Stlth
                     Z - +4 ring of slaying
HPRegen 0.45/turn    J - ring of willpower
MPRegen 0.18/turn

%: reflection, rampage
@: hasted, very quick
A: walk on water, horns 3, retaliatory headbutt, clever 1
a: Renounce Religion, Smiting, Recall Apostles, Blood for Blood, Dismiss Agrik,
warrior, Dismiss Wulfoc, warrior, Dismiss Bolgrim, warrior


You were on level 3 of the Abyss.
You worshipped Beogh.
Beogh was exalted by your worship.
You visited 5 branches of the dungeon, and saw 22 of its levels.
You visited the Abyss 1 time.
You also visited: Sewer.

You collected 2030 gold pieces.
You spent 572 gold pieces at shops.


Innate Abilities, Weirdness & Mutations

You can walk on water.
Your facial features are unmistakably orcish.
You have a pair of large horns on your head.
You reflexively headbutt those who attack you in melee.
Your mind is acute. (Int +4, Str/Dex -1)


   Skills:
 + Level 16.4 Fighting
 - Level 16.0 Axes
 - Level 10.0 Throwing
 + Level 10.7 Armour
 + Level 13.2 Dodging
 - Level 10.0 Shields
 - Level 10.0 Invocations
 - Level 10.0 Evocations


You had 15 spell levels left.
You didn't know any spells.
Your spell library contained the following spells:

 Spells                   Type           Power      Damage    Failure   Level
 Freeze                   Ice            0%         1d3       98%         1
 Magic Dart               Conj           0%         1d3       98%         1
 Sandblast                Erth           0%         2d4       98%         1
 Cigotuvi's Dreadful Rot  Necr/Alch/Air  0%         N/A       99%         2
 Lesser Beckoning         Tloc           0%         N/A       99%         2
 Searing Ray              Conj           0%         2d4       99%         2
 Frozen Ramparts          Ice            0%         1d1       100%        3
 Gell's Gravitas          Tloc           0%         N/A       100%        3
 Hailstorm                Conj/Ice       0%         3d5       100%        3
 Passwall                 Erth           0%         N/A       100%        3
 Stone Arrow              Conj/Erth      0%         3d7       100%        3
 Summon Ice Beast         Ice/Summ       0%         N/A       100%        3
 Teleport Other           Tloc           0%         N/A       100%        3
 Animate Dead             Necr           0%         N/A       100%        4
 Brom's Barrelling Bould  Conj/Erth      0%         2d3       100%        4
 Cause Fear               Hex            0%         N/A       100%        4
 Fulminant Prism          Conj/Alch      0%         3d5       100%        4
 Ignite Poison            Fire/Alch      0%         N/A       100%        4
 Sticky Flame             Fire/Alch      0%         2d4       100%        4
 Fireball                 Conj/Fire      0%         3d3       100%        5
 Freezing Cloud           Conj/Ice/Air   0%         6-21      100%        5
 Sculpt Simulacrum        Ice/Alch       0%         N/A       100%        6
 Haunt                    Necr/Summ      0%         N/A       100%        7
 Borgnjor's Revivificati  Necr           0%         N/A       100%        8
 Ignition                 Fire           0%         3d3       100%        8
 Infestation              Necr           0%         N/A       100%        8
 Death's Door             Necr           0%         N/A       100%        9
 Dragon's Call            Summ           0%         N/A       100%        9

Inventory:

Hand Weapons
 R - the +4 war axe of Oboidwaefo (weapon) {drain, rPois Str+2, axe}
   (You found it on level 5 of the Lair of Beasts)

   Str+2:     It affects your strength (+2).
   rPois:     It protects you from poison
 U - a +4 trident of draining {polearm}
   (You took it off Jeremiah on level 9 of the Dungeon)
Missiles
 x - 32 poisoned darts {throwing}
 F - 6 boomerangs (quivered) {throwing}
 M - 9 curare-tipped darts {=fthrowing}
 S - 3 throwing nets {=fthrowing}
Armour
 c - a +0 buckler (worn)
 h - a +1 pair of boots of rampaging (worn)
   (You found it on level 5 of the Lair of Beasts)
 q - a +0 plate armour (worn)
   (You found it on level 3 of the Dungeon)
 v - a +0 pair of gloves (worn)
   (You found it on level 12 of the Dungeon)
 y - a +1 cloak (worn)
   (You bought it in a shop on level 2 of the Orcish Mines)
 Q - a +2 robe of fire resistance
   (You took it off an orc sorcerer on level 2 of the Orcish Mines)
 Y - +0 storm dragon scales {rare}
   (You found it on level 5 of the Lair of Beasts)
Jewellery
 a - a ring of poison resistance
   (You found it on level 6 of the Dungeon)
 d - a +5 ring of evasion
   (You found it on level 2 of the Dungeon)
 p - a ring of see invisible
   (You found it on level 5 of the Dungeon)
 C - an amulet of faith {!P}
   (You found it on level 3 of the Lair of Beasts)
 H - a +6 ring of strength
   (You found it on level 3 of the Lair of Beasts)
 J - a ring of willpower (right hand)
   (You found it on level 2 of the Lair of Beasts)
 L - a ring of protection from cold
   (You found it on level 4 of the Lair of Beasts)
 N - an amulet of reflection (around neck)
   (You took it off an orc on level 8 of the Dungeon)
 Z - a +4 ring of slaying (left hand)
   (You found it on level 5 of the Lair of Beasts)
Wands
 t - a wand of digging (4)
   (You found it on level 7 of the Dungeon)
 D - a wand of roots (12)
   (You took it off Pikel on level 5 of the Dungeon)
 O - a wand of charming (10)
   (You found it on level 5 of the Lair of Beasts)
 P - a wand of polymorph (9)
   (You took it off Erica on level 8 of the Dungeon)
 T - a wand of acid (2)
   (You found it on level 9 of the Dungeon)
Scrolls
 f - a scroll of revelation
 g - 5 scrolls of fear
 i - 4 scrolls of teleportation {@r4}
 j - a scroll of identify {@r1}
 l - 3 scrolls of poison {!r}
 m - 3 scrolls of butterflies
 o - 2 scrolls of vulnerability {!r!r}
 r - a scroll of brand weapon
 u - a scroll of enchant weapon
 A - 3 scrolls of fog
 B - 4 scrolls of immolation {!r!r}
 G - a scroll of amnesia
 I - 2 scrolls of enchant armour
Potions
 b - 2 potions of might
 e - 8 potions of curing {@q1}
 k - 3 potions of mutation {!q}
 n - a potion of attraction {!q}
 s - 2 potions of resistance
 z - 3 potions of brilliance
 E - a potion of enlightenment

Dungeon Overview and Level Annotations

Branches:
Dungeon (13/15) Zot: 26873  Temple (1/1) D:6 Zot: 5998    Lair (5/5) D:10 Zot: 23554
  Swamp (0/4) Lair:3       Spider (0/4) Lair:3        Slime (0/5) Lair:5
    Orc (2/2) D:10 Zot: 11069     Elf (1/3) Orc:2 Zot: 5213   Sewer (visited)
 Vaults: D:13-14

Altars:
Ashenzari
Cheibriados
Dithmenos
Elyvilon
Fedhas
Gozag
Hepliaklqana
Kikubaaqudgha
Makhleb
Nemelex Xobeh
Okawaru
Qazlal
Ru
Sif Muna
Trog
Uskayaw
Vehumet
Wu Jian
Xom
Yredelemnul
Zin
The Shining One
Jiyva

Shops:
D:1 (   D:7 (   D:9 [   D:11 (*::=   Orc:2 [=([

Annotations:
D:5 1 runed translucent door, Bediveer's ghost, novice MDFi
D:6 exclusion: 2 downstairs
Lair:4 exclusion: oklob plant

#.4##.###X#
##.##. #h.
#.## # #.#.
##.##.# ....
h§####.....#
#.# .
.x......#..#
#######h##..
#....# ###
#.@X.#
#....#
#.#### #' ..
... ##.. #..


You could see a thrashing horror and a raiju.


Message History

HP[+1]
You slice the starcursed mass!!
You destroy the starcursed mass!
Beogh accepts your kill.
A titan skeleton comes into view.
HP[+1] HP[+1] HP[+1]
A hell hog comes into view.
The hell hog squeals angrily.
HP[+1]
A hell hog comes into view.
HP[+1]
The hell hog squeals angrily.
You slash the hell hog! You headbutt the hell hog.
You slash the titan skeleton! You block the hell hog's attack.
You slice the hell hog!! You slash the titan skeleton!
You block the hell hog's attack.
The starcursed mass shrieks in your mind.
* * * LOW HITPOINT WARNING * * *
The titan skeleton hits you but does no damage.
A tentacled starspawn comes into view.
HP[-8]
You take 8 damage, and now have 32/152 hp.
You closely miss the hell hog. You slash the titan skeleton!
The hell hog misses you. You furiously retaliate!
You headbutt the hell hog. The hell hog breathes fire at you.
The fireball explodes!
The fireball engulfs the hell hog.
The hell hog completely resists.
The fireball engulfs the hell hog.
The hell hog completely resists.
The fireball engulfs you!!
* * * LOW HITPOINT WARNING * * *
HP[-31]
You take 31 damage, and now have 1/152 hp.
MASSIVE DAMAGE!! (PAUSE) Read: 6 scrolls of fear
Press: ? - help, Q - select action, (/) - cycle Dir - look around, f - activate Look: a hell hog (severely wounded, chance to affect: 90%)
As you read the scroll of fear, it crumbles to dust.
You assume a fearsome visage.
The tentacled starspawn is unaffected.
The hell hog looks frightened! x2
The titan skeleton is unaffected.
The starcursed mass is unaffected.
You block the titan skeleton's attack.
Press: ? - help, . - travel You can't see that place.
Unknown command.
Blink to where?
Press: ? - help, Q - select action, (/) - cycle Dir - move target, p - hell hog A ynoxinul comes into view.
As you read the scroll of blinking {!r}, it crumbles to dust.
The ynoxinul bellows!
You hear a skittering sound.
The ynoxinul closely misses you.
Blink to where?
Press: ? - help, Q - select action, (/) - cycle Dir - move target A brain worm comes into view.
As you read the scroll of blinking {!r}, it crumbles to dust.
The chaos spawn howls!
HP[+1] Blink to where?
Press: ? - help, Q - select action, (/) - cycle Dir - move target A raiju and a thrashing horror come into view.
As you read the scroll of blinking {!r}, it crumbles to dust.
The raiju barks!
A thrashing horror comes into view.
A lurking horror comes into view.
HP[+1] Blink to where?
Press: ? - help, Q - select action, (/) - cycle Dir - move target
As you read the scroll of blinking {!r}, it crumbles to dust.
You feel yourself speed up.
HP[+1]
You block the thrashing horror's attack.
The thrashing horror misses you.
You block the thrashing horror's attack.
The thrashing horror tramples you but does no damage.
HP[+1]
You block the thrashing horror's attack.
The thrashing horror tramples you but does no damage.
The thrashing horror attacks as it pursues you!
You block the thrashing horror's attack.
The thrashing horror completely misses you.
HP[+1]
A small abomination and a raiju come into view.
The raiju barks!
The thrashing horror barely misses you. The thrashing horror tramples you.
* * * LOW HITPOINT WARNING * * *
You stumble backwards!
The raiju bursts into living lightning!
The living lightning misses you.
The raiju blinks! x2
A raiju comes into view.
You hear a bark!
HP[-5]
You take 5 damage, and now have 1/152 hp.
The thrashing horror attacks as it pursues you!
You block the thrashing horror's attack. x2
The raiju attacks as it pursues you! The raiju closely misses you.
You furiously retaliate!
You headbutt the raiju!!
The thrashing horror attacks as it pursues you!
The thrashing horror tramples you.
You die...

Skill      XL: |  1  2  3  4  5  6  7  8  9 10 11 12 13 14 15 |
---------------+----------------------------------------------+-----
Axes           | 3 4 6 8 10 12 15 16 | 16.0
Fighting       | 5 8 13 16 | 16.4
Armour         | 5 7 8 10 | 10.7
Evocations     | 4 8 10 | 10.0
Dodging        | 6 10 13 | 13.2
Shields        | 9 10 | 10.0
Throwing       | 7 8 10 | 10.0
Invocations    | 10 | 10.0

Action                     |  1- 3 |  4- 6 |  7- 9 | 10-12 | 13-15 | 16-18 || total
---------------------------+-------+-------+-------+-------+-------+-------++-------
  Melee: War axe           |    51 |    72 |   331 |   349 |   599 |    59 ||  1461
         Headbutt          |     5 |     9 |    60 |    63 |   160 |    20 ||   317
  Throw: Boomerang         |       |       |       |    15 |       |       ||    15
 Invoke: Convert to Beogh  |       |       |     1 |       |       |       ||     1
         Recruit Apostle   |       |       |       |     2 |     1 |       ||     3
         Recall Apostles   |       |       |       |       |    10 |       ||    10
  Evoke: Wand              |       |       |       |     1 |     1 |       ||     2
    Use: Potion            |     1 |       |     2 |     9 |     2 |     2 ||    16
         Scroll            |       |       |     8 |     4 |     2 |     7 ||    21
   Stab: Distracted        |       |       |       |     1 |    10 |       ||    11
         Petrified         |       |       |       |       |     4 |       ||     4
 Armour: Scale mail        |    34 |    35 |    50 |       |       |       ||   119
         Plate armour      |       |       |   170 |   233 |   374 |    39 ||   816
  Dodge: Dodged            |    27 |    39 |   193 |   260 |   251 |    18 ||   788
  Block: Buckler           |    11 |    12 |    68 |   169 |   249 |    19 ||   528
         Reflection        |       |       |       |       |    15 |       ||    15

Levels and vault maps discovered:
D:1:      minmay_arrival_split_and_join, layout_loops_cross, serial_shops, shop
D:2:      layout_basic, uniq_terence
D:3:      layout_basic, mainiacjoe_overflow_alcove_1, portal_sewer_entry_e,
          uniq_grinder, uniq_natasha
D:4:      layout_layer_cave, nicolae_uskayaw_suspiria, serial_undead,
          serial_undead_d, serial_undead_e, serial_undead_d, serial_undead_a,
          serial_undead_c, serial_undead_b, uniq_duvessa, uniq_edmund
D:5:      layout_basic, pf_just_have_faith, ebering_ghost_inner_flame,
          minmay_manual_mess, uniq_pikel
D:6:      layout_loops_ring, tgw_kikubaaqudgha, nicolae_elyvilon_peaceful_grove,
          fedhas_altar_4, minmay_temple_entry_wispy, kennysheep_generic_room_13,
          uniq_maggie
D:7:      layout_loops_ring, nzn_wu_jian_council_hall, serial_shops, shop
D:8:      layout_rooms, nicolae_gozag_cash_rules_everything_around_me,
          uniq_erica, uniq_prince_ribbit1
D:9:      layout_small_grid, grunt_temple_overflow_open, serial_shops,
          nicolae_shop_drivethru, uniq_jeremiah
D:10:     layout_irregular_city, erik_lair_island, david_orc_1_choice
D:11:     layout_loops_cross, serial_shops, nicolae_shop_stone, shop,
          nicolae_shop_bloodbath_and_beyond, shop, nicolae_shop_gaudy_bauble
D:12:     layout_roguey
D:13:     kennysheep_kobold_lugonu_temple, layout_basic, minivault_22,
          trog_ov_bears_minmay
Temple:   nicolae_temple_hex_pool
Lair:1:   layout_cave_pods, infiniplex_staircase_pool_2
Lair:2:   layout_gridlike, nicolae_quartered_pool_super,
          bobbens_dragon_lair_wall, serial_bayou_shore_b, uniq_nergalle,
          uniq_harold, uniq_gastronok
Lair:3:   layout_misc_corridors, swamp_mist_pool, dummy_spider_entry,
          serial_bayou_pond_c, chequers_serial_rivers_room_a
Lair:4:   layout_roguey, small_statue_intersection, grunt_megastairs_1,
          serial_bayou_shore_b
Lair:5:   wormcave, layout_concentric_octagons, guppyfry_lair_end_dragon,
          slime_entry_1, grunt_megastairs_4
Orc:1:    layout_diamond_mine
Orc:2:    st_orc_ogre_mass, layout_caves, uniq_erolcha, uniq_jorgrun
Elf:1:    nicolae_elf_arrival_fired_up, layout_geoelf_diagonals, basic_altar,
          hangedman_elven_crosses_minicolossus, lemuel_upstairs_altar,
          minmay_shop_grove
Abyss:3:  base: Depths:2, base: D:3, evilmike_abyss_exit_vortex,
          evilmike_abyss_rune_elephants_shrine

Notes
Turn   | Place    | Note
-------+----------+-------------------------------------------
     0 | D:1      | zeratav the Minotaur Fighter began the quest for the Orb.
     0 | D:1      | Reached XP level 1. HP: 19/19 MP: 0/0
     0 | D:1      | magus.rc [v1.9.6]
    17 | D:1      | You pick up a book of the Tundra and begin reading...
    17 | D:1      | You add the spells Hailstorm, Summon Ice Beast and Sculpt
                  | Simulacrum to your library.
   139 | D:1      | Reached skill level 3 in Axes
   144 | D:1      | Reached XP level 2. HP: 26/26 MP: 1/1
   225 | D:1      | Reached skill level 4 in Axes
   228 | D:1      | You pick up a book of Geomancy and begin reading...
   228 | D:1      | You add the spells Sandblast, Passwall, Stone Arrow and
                  | Brom's Barrelling Boulder to your library.
   306 | D:1      | Found Posath's Weapon Shop.
   447 | D:1      | Reached XP level 3. HP: 31/31 MP: 2/2
   619 | D:1      | You pick up a book of Displacement and begin reading...
   619 | D:1      | You add the spells Lesser Beckoning, Gell's Gravitas and
                  | Teleport Other to your library.
   769 | D:2      | Noticed an ogre
   776 | D:2      | Killed an ogre
   777 | D:2      | Reached skill level 6 in Axes
   777 | D:2      | Reached XP level 4. HP: 23/39 MP: 3/3
   921 | D:2      | Reached XP level 5. HP: 45/45 MP: 4/4
   948 | D:2      | Noticed Terence
   952 | D:2      | Killed Terence
  1378 | D:3      | Reached skill level 7 in Axes
  1499 | D:3      | Noticed Natasha
  1503 | D:3      | Killed Natasha
  1517 | D:3      | Noticed Grinder
  1525 | D:3      | Paralysed by Grinder for 2 turns
  1540 | D:3      | Killed Grinder
  1541 | D:3      | Reached skill level 8 in Axes
  1541 | D:3      | Reached skill level 5 in Fighting
  1541 | D:3      | Reached XP level 6. HP: 36/56 MP: 5/5
  1591 | D:3      | Noticed Natasha
  1599 | D:3      | Killed Natasha
  1686 | D:3      | Found a stormy altar of Qazlal.
  1722 | D:3      | Reached XP level 7. HP: 60/62 MP: 6/6
  1747 | D:3      | Noticed Natasha
  1748 | D:3      | Reached skill level 6 in Fighting
  1757 | D:3      | Killed Natasha
  1764 | D:3      | Found a glowing drain.
  1770 | Sewer    | Entered a sewer
  1923 | Sewer    | Reached skill level 7 in Fighting
  2100 | Sewer    | Reached skill level 8 in Fighting
  2333 | Sewer    | Reached skill level 4 in Armour
  3215 | D:4      | Noticed Duvessa
  3216 | D:4      | Noticed Dowan
  3224 | D:4      | Killed Dowan
  3225 | D:4      | Reached skill level 5 in Armour
  3225 | D:4      | Reached XP level 8. HP: 62/74 MP: 7/7
  3228 | D:4      | HP: 8/74 [Duvessa/+0 short sword (12)]
  3231 | D:4      | Killed Duvessa
  3876 | D:4      | Reached skill level 9 in Axes
  3978 | D:4      | Noticed Edmund
  3989 | D:4      | Killed Edmund
  3990 | D:4      | Reached skill level 10 in Axes
  3990 | D:4      | Reached skill level 6 in Armour
  4570 | D:4      | Found a hide-covered altar of Uskayaw.
  4824 | D:5      | Entered Level 5 of the Dungeon
  4859 | D:5      | Reached skill level 7 in Armour
  4859 | D:5      | Reached XP level 9. HP: 79/81 MP: 8/8
  4876 | D:5      | You add the spells Cigotuvi's Dreadful Rot, Ignite Poison
                  | and Freezing Cloud to your library.
  4938 | D:5      | Found a bloodstained altar of Trog.
  4979 | D:5      | Reached skill level 11 in Axes
  5149 | D:5      | Noticed Pikel
  5173 | D:5      | Killed Pikel
  5174 | D:5      | Reached skill level 12 in Axes
  5174 | D:5      | Reached skill level 8 in Armour
  5174 | D:5      | Reached skill level 1 in Evocations
  5442 | D:5      | Found a runed translucent door.
  5442 | D:5      | Noticed Bediveer's ghost (novice MDFi)
  5653 | D:6      | Reached skill level 1 in Dodging
  5749 | D:6      | Reached skill level 2 in Dodging
  5794 | D:6      | Reached skill level 2 in Evocations
  5901 | D:6      | Reached skill level 3 in Dodging
  5939 | D:6      | Found an ancient bone altar of Kikubaaqudgha.
  5964 | D:6      | Found a white marble altar of Elyvilon.
  6040 | D:6      | Found a staircase to the Ecumenical Temple.
  6087 | D:6      | Noticed Maggie
  6098 | D:6      | HP: 13/81 [Maggie/+0 glaive (14)]
  6102 | D:6      | Killed Maggie
  6103 | D:6      | Reached skill level 5 in Dodging
  6103 | D:6      | Reached skill level 3 in Evocations
  6327 | Temple   | Entered the Ecumenical Temple
  6703 | D:6      | Found a blossoming altar of Fedhas.
  6755 | D:7      | Noticed a red ugly thing
  6802 | D:7      | Became a worshipper of Beogh the Shepherd
  6828 | D:7      | Reached skill level 6 in Dodging
  6865 | D:7      | Reached skill level 4 in Evocations
  6869 | D:7      | Reached XP level 10. HP: 58/88 MP: 9/9
  6878 | D:7      | HP: 4/88 [red ugly thing (23)]
  7215 | D:7      | Killed a red ugly thing
  7216 | D:7      | Reached skill level 7 in Dodging
  7568 | D:7      | Reached skill level 8 in Dodging
  7651 | D:7      | Found Wenugaz's Antique Weapon Shoppe.
  7659 | D:7      | Bought a battleaxe for 156 gold pieces
  7800 | D:7      | Noticed a two-headed ogre
  7807 | D:7      | Killed a two-headed ogre
  7808 | D:7      | Reached skill level 9 in Dodging
  7808 | D:7      | Reached skill level 5 in Evocations
  7852 | D:7      | Found an ornate altar of the Wu Jian Council.
  7947 | D:8      | Reached * piety under Beogh
  7983 | D:8      | Noticed Prince Ribbit
  8005 | D:8      | Killed Prince Ribbit
  8132 | D:8      | Reached skill level 10 in Dodging
  8132 | D:8      | Reached skill level 6 in Evocations
  8289 | D:8      | Noticed Erica
  8301 | D:8      | Killed Erica
  8302 | D:8      | Reached skill level 7 in Evocations
  8478 | D:8      | Found an opulent altar of Gozag.
  8970 | D:9      | Found a sparkling altar of Nemelex Xobeh.
  8970 | D:9      | Found a burning altar of Makhleb.
  9052 | D:9      | Noticed a two-headed ogre
  9086 | D:9      | Reached skill level 8 in Evocations
  9089 | D:9      | Killed a two-headed ogre
  9090 | D:9      | Reached XP level 11. HP: 64/94 MP: 10/10
  9220 | D:9      | Reached skill level 4 in Shields
  9222 | D:9      | Reached ** piety under Beogh
  9263 | D:9      | Noticed Jeremiah
  9271 | D:9      | Killed Jeremiah
  9293 | D:9      | Found a transporter.
  9293 | D:9      | Found Huoxkil's Antique Armour Boutique.
  9320 | D:9      | Found a transporter.
  9384 | D:9      | Bought a pair of embroidered boots for 232 gold pieces
  9435 | D:9      | Reached skill level 5 in Shields
  9493 | D:9      | You add the spells Sticky Flame and Ignition to your
                  | library.
  9648 | D:10     | Entered Level 10 of the Dungeon
  9787 | D:10     | Reached skill level 9 in Evocations
  9922 | D:10     | Reached skill level 6 in Shields
 10046 | D:10     | Found a staircase to the Lair.
 10770 | D:10     | HP: 18/94 [troll (6)]
 10776 | D:10     | Reached skill level 7 in Shields
 11010 | D:10     | Found a staircase to the Orcish Mines.
 11039 | D:10     | Reached *** piety under Beogh
 11059 | D:10     | Identified the +4 halberd "Deqaluam" {spect, rPois Dex+2}
 11059 | D:10     | Noticed Agrik
 11070 | D:10     | HP: 23/94 [+4 halberd "Deqaluam" {spect, rPois Dex+2}[Agrik
                  | the orc apostle] (12)]
 11072 | D:10     | Anointed Agrik the warrior as your apostle
 11683 | D:11     | Reached skill level 10 in Evocations
 11687 | D:11     | Reached skill level 8 in Shields
 11763 | D:11     | Reached skill level 9 in Shields
 11795 | D:11     | Noticed Wulfoc
 11806 | D:11     | Anointed Wulfoc the warrior as your apostle
 11977 | D:11     | Found Amigidoa's Book Shop.
 12028 | D:11     | Found Vudiovud's Book Shoppe.
 12064 | D:11     | Found Vaahokh's Jewellery Emporium.
 12182 | D:11     | Found Buts's General Store.
 12188 | D:11     | Gained mutation: Your mind is acute. (Int +4, Str/Dex -1)
                  | [potion of mutation]
 12188 | D:11     | Gained mutation: You have a pair of large horns on your
                  | head. [potion of mutation]
 12193 | D:11     | Identified a potion of experience
 12193 | D:11     | Reached skill level 7 in Throwing
 12193 | D:11     | Reached XP level 12. HP: 101/101 MP: 11/11
 12361 | D:11     | You add the spells Haunt, Borgnjor's Revivification and
                  | Death's Door to your library.
 12407 | D:11     | Noticed a two-headed ogre
 12414 | D:11     | Killed a two-headed ogre
 12415 | D:11     | Reached skill level 10 in Shields
 12415 | D:11     | Reached skill level 8 in Throwing
 12468 | D:11     | Found Uziny's Weapon Shoppe.
 12567 | D:12     | Reached XP level 13. HP: 84/107 MP: 12/12
 12699 | D:12     | Reached skill level 9 in Throwing
 12862 | D:12     | Reached skill level 1 in Invocations
 12929 | D:12     | Reached skill level 2 in Invocations
 13074 | D:12     | Reached **** piety under Beogh
 13090 | D:12     | Reached skill level 3 in Invocations
 13456 | D:12     | Reached skill level 10 in Throwing
 13645 | Lair:1   | Entered Level 1 of the Lair of Beasts
 13727 | Lair:1   | Reached skill level 4 in Invocations
 13858 | Lair:1   | Reached skill level 5 in Invocations
 14650 | Lair:2   | Reached skill level 6 in Invocations
 14758 | Lair:2   | Noticed Nergalle
 14767 | Lair:2   | Killed Nergalle
 14770 | Lair:2   | Reached skill level 7 in Invocations
 14775 | Lair:2   | Your ally Wulfoc died
 15010 | Lair:2   | Noticed Harold
 15018 | Lair:2   | Killed Harold
 15019 | Lair:2   | Reached skill level 8 in Invocations
 15197 | Lair:2   | Noticed Gastronok
 15209 | Lair:2   | Killed Gastronok
 15377 | Lair:2   | Reached skill level 9 in Invocations
 15583 | Lair:2   | Reached ***** piety under Beogh
 15792 | Lair:2   | Reached skill level 10 in Invocations
 16434 | Lair:3   | Reached XP level 14. HP: 116/116 MP: 20/20
 16510 | Lair:3   | Found a staircase to the Swamp.
 16675 | Lair:3   | You pick up a book of Conjurations and begin reading...
 16675 | Lair:3   | You add the spells Magic Dart, Searing Ray and Fulminant
                  | Prism to your library.
 16708 | Lair:3   | You pick up a book of the Dragon and begin reading...
 16708 | Lair:3   | You add the spells Cause Fear, Fireball and Dragon's Call
                  | to your library.
 16953 | Lair:3   | Found a hole to the Spider Nest.
 17076 | Lair:4   | Reached skill level 9 in Fighting
 17236 | Lair:4   | You pick up a book of Frost and begin reading...
 17236 | Lair:4   | You add the spells Freeze and Frozen Ramparts to your
                  | library.
 17423 | Lair:4   | Reached skill level 13 in Axes
 17953 | Lair:5   | Entered Level 5 of the Lair of Beasts
 17978 | Lair:5   | Found a viscous altar of Jiyva.
 17979 | Lair:5   | Found a staircase to the Slime Pits.
 17986 | Lair:5   | Reached skill level 10 in Fighting
 18073 | Lair:5   | Identified the +4 war axe of Oboidwaefo {drain, rPois
                  | Str+2}
 18283 | Lair:5   | Reached skill level 11 in Fighting
 18313 | Lair:5   | Reached skill level 14 in Axes
 18702 | Lair:5   | Reached skill level 12 in Fighting
 18750 | Lair:5   | You pick up a book of Death and begin reading...
 18750 | Lair:5   | You add the spells Animate Dead and Infestation to your
                  | library.
 18776 | Lair:5   | Y - +0 storm dragon scales {rare}
 18783 | Lair:5   | Anointed Bolgrim the warrior as your apostle
 18974 | Lair:5   | Reached skill level 15 in Axes
 19580 | Lair:5   | Reached ****** piety under Beogh
 19600 | Lair:5   | Reached skill level 13 in Fighting
 19660 | Lair:5   | Reached XP level 15. HP: 135/135 MP: 21/21
 20167 | Orc:1    | Entered Level 1 of the Orcish Mines
 20393 | Orc:2    | Entered Level 2 of the Orcish Mines
 20526 | Orc:2    | Noticed Erolcha
 20537 | Orc:2    | Killed Erolcha
 20538 | Orc:2    | Reached skill level 16 in Axes
 20556 | Orc:2    | Reached skill level 14 in Fighting
 20579 | Orc:2    | Reached skill level 15 in Fighting
 20594 | Orc:2    | Found Iwkostog's Armour Shoppe.
 20594 | Orc:2    | Found Reocokkopn's Weapon Shop.
 20595 | Orc:2    | Found Laegh's Jewellery Shop.
 20595 | Orc:2    | Found Tunt's Armour Emporium.
 20644 | Orc:2    | Bought a +1 cloak for 184 gold pieces
 20711 | Orc:2    | Found a staircase to the Elven Halls.
 20711 | Orc:2    | Noticed Jorgrun
 20721 | Orc:2    | Killed Jorgrun
 21119 | Elf:1    | Entered Level 1 of the Elven Halls
 21197 | Elf:1    | Reached skill level 11 in Dodging
 21351 | Elf:1    | Reached skill level 9 in Armour
 21639 | Elf:1    | Reached skill level 12 in Dodging
 21704 | Elf:1    | HP: 28/143 [deep elf zephyrmancer/bolt of lightning (27)]
 21711 | Elf:1    | HP: 9/143 [deep elf zephyrmancer/bolt of lightning (22)]
 21736 | Elf:1    | Reached skill level 16 in Fighting
 21739 | Elf:1    | Reached skill level 10 in Armour
 21742 | Elf:1    | HP: 33/144 [burnt (9)]
 21744 | Elf:1    | HP: 13/144 [burnt (10)]
 21920 | Elf:1    | Your ally Bolgrim died
 21921 | Elf:1    | HP: 30/144 [+0 glaive of distortion (9)]
 21922 | Elf:1    | You are cast into the Abyss!
 21922 | Abyss:2  | Cast into level 2 of the Abyss (+0 glaive of distortion)
 22188 | Abyss:3  | Noticed a revenant
 22213 | Abyss:3  | Your ally Agrik died
 22215 | Abyss:3  | Killed a revenant
 22216 | Abyss:3  | Reached skill level 13 in Dodging
 22216 | Abyss:3  | Reached XP level 16. HP: 64/146 MP: 22/22
 22225 | Abyss:3  | Found a corrupted altar of Lugonu.
 22253 | Abyss:3  | Noticed a tentacled starspawn
 22261 | Abyss:3  | Your ally Wulfoc died
 22267 | Abyss:3  | Killed a tentacled starspawn
 22426 | Abyss:3  | Found a corrupted altar of Lugonu.
 22460 | Abyss:3  | Noticed a tentacled monstrosity
 22484 | Abyss:3  | Killed a tentacled monstrosity
 22487 | Abyss:3  | Paralysed by accursed screaming for 1 turns
 22498 | Abyss:3  | HP: 33/152 [starcursed mass/accursed screaming (10)]
 22513 | Abyss:3  | HP: 31/152 [starcursed mass/accursed screaming (7)]
 22522 | Abyss:3  | HP: 23/152 [hell hog/fireball (12)]
 22529 | Abyss:3  | HP: 14/152 [starcursed mass (5)]
 22547 | Abyss:3  | HP: 32/152 [starcursed mass/accursed screaming (8)]
 22547 | Abyss:3  | Noticed a tentacled starspawn
 22548 | Abyss:3  | HP: 1/152 [hell hog/fireball (32)]
 22562 | Abyss:3  | HP: 1/152 [thrashing horror (5)]
 22564 | Abyss:3  | Slain by a thrashing horror

Vanquished Creatures
  A tentacled monstrosity (Abyss:3)
  A tentacled starspawn (Abyss:3)
  Gastronok (Lair:2)
  A deep elf death mage (Elf:1)
  Erolcha (Orc:2)
  An ice dragon (Lair:5)
  2 ogre magi (Orc:2)
  A centaur warrior (D:12)
  Erica (D:8)
  2 dancing weapons (Elf:1)
  10 two-headed ogres
  2 hell hogs (Abyss:3)
  2 deep elf knights (Elf:1)
  A skyshark (Lair:4)
  A swamp dragon (Lair:5)
  A deep elf archer (Elf:1)
  Pikel (D:5)
  7 deep elf pyromancers (Elf:1)
  A large abomination (Abyss:3)
  5 deep elf zephyrmancers (Elf:1)
  A worldbinder (Abyss:3)
  An ugly thing (D:7)
  A cyclops (D:12)
  9 elephants (Lair:5)
  A black mamba (Lair:5)
  6 cane toads
  Maggie (D:6)
  Jeremiah (D:9)
  A kobold demonologist (D:11)
  3 rime drakes
  5 komodo dragons
  2 tyrant leeches (Lair:5)
  5 trolls
  A polar bear (Lair:5)
  15 blink frogs
  Prince Ribbit (D:8)
  Grinder (D:3)
  3 hornets (Lair:5)
  A raiju (Abyss:2)
  2 dream sheep (Lair:5)
  6 slime creatures (D:12)
  18 yaks
  A wyvern (D:8)
  A warg (D:10)
  A fire elemental (Elf:1)
  A neqoxec (Abyss:3)
  6 vampire mosquitoes
  5 steam dragons
  A spatial vortex (Abyss:3)
  Edmund (D:4)
  2 acid dragons
  Duvessa (D:4)
  9 water moccasins
  4 black bears
  7 orc warriors
  A sky beast (D:6)
  15 ogres
  5 wolves
  7 centaurs
  15 starcursed masses (Abyss:3)
  5 phantoms
  2 lemures (D:5)
  3 kobold brigands
  2 brain worms (Sewer)
  7 bullfrogs
  A small abomination (Abyss:3)
  4 scorpions
  Dowan (D:4)
  A water moccasin skeleton (D:4)
  8 wights
  6 killer bees (D:10)
  3 electric eels (D:10)
  4 howler monkeys
  A bombardier beetle (D:3)
  7 hounds
  2 orc priests
  A centaur skeleton (D:4)
  10 iguanas
  A scorpion zombie (D:4)
  Terence (D:2)
  3 orc wizards
  A sleepcap (D:6)
  Natasha (thrice) (D:3)
  5 hound zombies (D:4)
  A hound skeleton (D:4)
  A howler monkey zombie (D:4)
  15 gnolls
  8 adders
  6 river rats
  A white imp (D:7)
  3 adder zombies (D:4)
  An adder skeleton (D:4)
  2 ribbon worms (D:3)
  15 orcs
  3 bats
  11 endoplasms
  7 giant cockroaches
  5 goblins
  4 hobgoblins
  7 jackals
  18 kobolds
  4 quokkas
  7 ball pythons
  5 frilled lizards
  13 rats
430 creatures vanquished.

Vanquished Creatures (collateral kills)
  Jorgrun (Orc:2)
  A revenant (Abyss:3)
  A fire dragon (Lair:5)
  A hydra (Lair:2)
  Harold (Lair:2)
  2 ogre magi (Orc:2)
  4 dancing weapons (Elf:1)
  6 two-headed ogres (Orc:2)
  A catoblepas (Lair:4)
  2 skysharks
  Nergalle (Lair:2)
  A spatial maelstrom (Abyss:3)
  2 lindwurms (Lair:5)
  7 deep elf zephyrmancers (Elf:1)
  3 deep elf pyromancers (Elf:1)
  2 large abominations
  An orc sorcerer (Orc:2)
  6 elephants
  A cyclops (D:12)
  An ugly thing (D:12)
  2 black mambas (Lair:2)
  5 torpor snails (Lair:5)
  4 rime drakes
  8 cane toads
  8 komodo dragons
  3 hornets (Lair:5)
  4 polar bears
  23 blink frogs
  A tyrant leech (Lair:5)
  2 dream sheep (Lair:5)
  8 slime creatures (D:12)
  A wyvern (Lair:2)
  A small abomination (Abyss:3)
  21 yaks
  2 wraiths (D:12)
  3 basilisks
  3 golden eyes (Abyss:3)
  8 steam dragons
  A warg (Orc:2)
  2 vampire mosquitoes (D:11)
  A neqoxec (Abyss:2)
  3 spatial vortices (Abyss:3)
  2 acid dragons
  5 water moccasins
  An orc warrior (Orc:2)
  2 black bears
  10 ogres (Orc:2)
  A centaur (D:12)
  5 wolves (Lair:5)
  A weeping skull (Abyss:3)
  A kobold brigand (D:10)
  5 bullfrogs
  2 electric eels
  2 howler monkeys (D:12)
  3 iguanas (Lair:5)
  An ufetubus (Abyss:3)
  An orc (Orc:2)
  3 kobolds (D:10)
204 creatures vanquished.

Vanquished Creatures (others)
  4 orc apostles
  A human (D:6)
  5 orcs
  5 spectral weapons
  4 starspawn tentacles (Abyss:3)
19 creatures vanquished.

Grand Total: 653 creatures vanquished

Table legend:
 A = Non-vault XP
 B = Vault XP
 C = Vault XP percentage of total XP
 D = Non-vault monster count
 E = Vault monster count
 F = Vault count percentage of total count
                 A         B        C        D         E       F
            +---------+---------+-------+---------+---------+-------
      Total |   86077 |   58825 |  40.6 |     427 |     208 |  32.8
            +---------+---------+-------+---------+---------+-------
        D:1 |      62 |       0 |   0.0 |      22 |       0 |   0.0
        D:2 |     150 |      37 |  19.8 |      13 |       1 |   7.1
        D:3 |     329 |     352 |  51.7 |      22 |      10 |  31.2
        D:4 |     295 |    1035 |  77.8 |      14 |      20 |  58.8
        D:5 |     568 |     747 |  56.8 |       6 |       6 |  50.0
        D:6 |     742 |     443 |  37.4 |      16 |       3 |  15.8
        D:7 |    2380 |       0 |   0.0 |      27 |       0 |   0.0
        D:8 |     720 |    1113 |  60.7 |      15 |       2 |  11.8
        D:9 |    3531 |     389 |   9.9 |      17 |       1 |   5.6
       D:10 |    2837 |    1555 |  35.4 |      33 |      15 |  31.2
       D:11 |    3912 |       0 |   0.0 |      15 |       0 |   0.0
       D:12 |    7569 |       0 |   0.0 |      29 |       0 |   0.0
     Lair:1 |    4464 |       0 |   0.0 |      18 |       0 |   0.0
     Lair:2 |    7769 |    5267 |  40.4 |      28 |      14 |  33.3
     Lair:3 |    3581 |       0 |   0.0 |      13 |       0 |   0.0
     Lair:4 |    5536 |    1359 |  19.7 |      16 |       4 |  20.0
     Lair:5 |   18903 |   14333 |  43.1 |      64 |      47 |  42.3
      Orc:1 |     122 |       0 |   0.0 |       1 |       0 |   0.0
      Orc:2 |    1156 |   19340 |  94.4 |       6 |      40 |  87.0
      Elf:1 |    9265 |   12429 |  57.3 |      15 |      19 |  55.9
    Abyss:2 |    1000 |       0 |   0.0 |       3 |       0 |   0.0
    Abyss:3 |   11186 |       0 |   0.0 |      34 |       0 |   0.0
      Sewer |       0 |     426 | 100.0 |       0 |      26 | 100.0
            +---------+---------+-------+---------+---------+-------

Skill      XL: |  1  2  3  4  5  6  7  8  9 10 11 12 13 14 15 |
---------------+----------------------------------------------+-----
Axes           | 3 4 6 8 10 12 15 16 | 16.0
Fighting       | 5 8 13 16 | 16.4
Armour         | 5 7 8 10 | 10.7
Evocations     | 4 8 10 | 10.0
Dodging        | 6 10 13 | 13.2
Shields        | 9 10 | 10.0
Throwing       | 7 8 10 | 10.0
Invocations    | 10 | 10.0

Action                     |  1- 3 |  4- 6 |  7- 9 | 10-12 | 13-15 | 16-18 || total
---------------------------+-------+-------+-------+-------+-------+-------++-------
  Melee: War axe           |    51 |    72 |   331 |   349 |   599 |    59 ||  1461
         Headbutt          |     5 |     9 |    60 |    63 |   160 |    20 ||   317
  Throw: Boomerang         |       |       |       |    15 |       |       ||    15
 Invoke: Convert to Beogh  |       |       |     1 |       |       |       ||     1
         Recruit Apostle   |       |       |       |     2 |     1 |       ||     3
         Recall Apostles   |       |       |       |       |    10 |       ||    10
  Evoke: Wand              |       |       |       |     1 |     1 |       ||     2
    Use: Potion            |     1 |       |     2 |     9 |     2 |     2 ||    16
         Scroll            |       |       |     8 |     4 |     2 |     7 ||    21
   Stab: Distracted        |       |       |       |     1 |    10 |       ||    11
         Petrified         |       |       |       |       |     4 |       ||     4
 Armour: Scale mail        |    34 |    35 |    50 |       |       |       ||   119
         Plate armour      |       |       |   170 |   233 |   374 |    39 ||   816
  Dodge: Dodged            |    27 |    39 |   193 |   260 |   251 |    18 ||   788
  Block: Buckler           |    11 |    12 |    68 |   169 |   249 |    19 ||   528
         Reflection        |       |       |       |       |    15 |       ||    15

Illustrated notes

Table legend:
 A = Kills in this place as a percentage of kills in the entire game.
 B = Kills by you in this place as a percentage of kills by you in the entire game.
 C = Kills by friends in this place as a percentage of kills by friends in the entire game.
 D = Other kills in this place as a percentage of other kills in the entire game.
 E = Experience gained in this place as a percentage of experience gained in the entire game.
 F = Experience gained in this place divided by the number of levels of this place that you have seen.
                   A       B       C       D       E      F
               +-------+-------+-------+-------+-------+----------------------
         Total | 100.0 | 100.0 | 100.0 | 100.0 | 100.0 | 5796.1
       Dungeon |  45.2 |  59.5 |  14.9 |  42.9 |  19.9 | 2212.8
          Lair |  32.1 |  18.7 |  61.2 |  14.3 |  42.2 | 12242.4
  Orcish Mines |   7.4 |   5.6 |  11.4 |   0.0 |  14.2 | 10309.0
   Elven Halls |   5.4 |   4.4 |   7.0 |  14.3 |  15.0 | 21694.0
         Abyss |   5.8 |   5.6 |   5.5 |  28.6 |   8.4 | 6093.0
         Sewer |   4.1 |   6.1 |   0.0 |   0.0 |   0.3 | 426.0
               +-------+-------+-------+-------+-------+----------------------

Table legend: (Time is in decaauts)
 A = Elapsed time spent in this place.
 B = Non-inter-level travel time spent in this place.
 C = Inter-level travel time spent in this place.
 D = Time resting spent in this place.
 E = Time spent auto-exploring this place.
 F = Levels seen in this place.
 G = Mean time per level.
                   A        B        C        D        E       F      G
               +--------+--------+--------+--------+--------+-----+--------+
         Total |  22715 |  21648 |   1067 |   3116 |  14883 |  25 |  908.6 |
       Dungeon |  12796 |  12150 |    646 |   1911 |   8410 |  13 |  984.3 |
        Temple |      1 |      0 |      1 |      0 |      0 |   1 |    1.0 |
          Lair |   6445 |   6080 |    365 |    490 |   4701 |   5 | 1289.0 |
  Orcish Mines |    930 |    878 |     52 |    119 |    646 |   2 |  465.0 |
   Elven Halls |    785 |    785 |      0 |    162 |    479 |   1 |  785.0 |
         Abyss |    612 |    612 |      0 |    345 |      0 |   2 |  306.0 |
         Sewer |   1142 |   1142 |      0 |     88 |    646 |   1 | 1142.0 |
               +--------+--------+--------+--------+--------+-----+--------+

Top non-repeatable levels by time:
    D:10: 2108 daAuts
  Lair:5: 1906 daAuts
     D:4: 1684 daAuts
  Lair:2: 1560 daAuts
     D:6: 1442 daAuts
  Lair:1: 1235 daAuts
   Sewer: 1142 daAuts
    D:12: 1046 daAuts
  Lair:4: 981 daAuts
     D:9: 931 daAuts
    D:11: 906 daAuts
     D:3: 870 daAuts
     D:7: 865 daAuts
     D:5: 806 daAuts
   Elf:1: 785 daAuts
